Map: 데스오라 - 래더

Players

SuperNova

  • Race: Terran Terran
  • League: Grandmaster
  • Spawn Location: 11:00

JinairRogue (Rogue) - Winner!

  • Race: Zerg Zerg
  • Spawn Location: 5:00

Event: War Chest Team League

VOD

Have the link to the VOD?

Description

Time

  • Played on: Aug. 9, 2020, 7:51 a.m.
  • Length: 9:05
Show
View Real Time Build Order
Export as new Build Order

SuperNova Terran 

Build Orders: Reaper Expand, Hellion Banshee, Mech 

Get SALT Encoding   

  12  0:00  SCV  
  13  0:12  SCV  
  14  0:18  Supply Depot  
  14  0:24  SCV  
  15  0:39  SCV  
  15  0:40  Barracks  
  16  0:43  Refinery  
  16  0:51  SCV  
  17  1:04  SCV  
  18  1:16  SCV  
  19  1:28  Reaper, Orbital Command  
  20  1:39  Command Center  
  20  1:51  Supply Depot  
  20  1:53  SCV  
  21  1:59  Marine  
  22  2:04  Factory  
  22  2:07  SCV  
  23  2:19  SCV  
  23  2:20  Barracks Reactor  
  24  2:31  SCV  
  25  2:42  Command Center  
  25  2:46  SCV  
  25  2:51  Orbital Command  
  26  2:57  Starport  
  26  3:07  Hellion  
  26  3:10  Hellion  
  30  3:13  SCV  
  30  3:17  SCV  
  32  3:20  Refinery  
  32  3:23  Barracks Tech Lab  
  32  3:26  SCV  
  33  3:29  SCV  
  34  3:36  Hellion x2  
  34  3:39  SCV  
  34  3:41  SCV  
  40  3:49  Cloaking Field  
  40  3:51  SCV  
  40  3:53  SCV  
  42  3:56  Orbital Command  
  42  3:59  Hellion x2  
  46  4:04  Banshee  
  46  4:06  SCV  
  46  4:08  SCV  
  51  4:14  Orbital Command  
  51  4:18  Supply Depot, SCV  
  51  4:20  Hellion x2, SCV  
  57  4:28  Armory  
  57  4:31  Refinery  
  57  4:32  Refinery, SCV x2  
  59  4:40  Supply Depot  
  59  4:42  Hellion x2, SCV  
  59  4:44  SCV  
  65  4:47  Banshee  
  68  4:53  SCV  
  68  4:56  Supply Depot  
  69  5:02  SCV x2  
  69  5:05  Hellion, SCV  
  69  5:06  Hellion  
  76  5:14  SCV  
  76  5:15  Refinery  
  76  5:16  Factory  
  76  5:18  Factory  
  76  5:19  SCV  
  78  5:22  SCV  
  78  5:26  SCV  
  78  5:28  Terran Vehicle Weapons Level 1  
  80  5:30  Supply Depot x2  
  80  5:31  SCV  
  80  5:34  Hellion  
  83  5:37  SCV  
  83  5:38  SCV  
  83  5:42  Refinery  
  85  5:51  Banshee, SCV x3  
  85  5:54  Supply Depot  
  91  5:58  Engineering Bay  
  91  6:00  Armory  
  91  6:03  SCV x2  
  93  6:09  Hellion x2  
  97  6:15  Factory Tech Lab  
  97  6:26  SCV  
  97  6:28  Factory Tech Lab  
  97  6:29  SCV  
  91  6:38  Hellion x2  
  91  6:39  SCV x2  
  89  6:41  SCV  
  90  6:47  Command Center  
  90  6:51  SCV x2, Siege Tank x2  
  90  6:54  SCV  
  94  7:02  Missile Turret  
  94  7:03  SCV x2, Missile Turret  
  94  7:06  Terran Vehicle And Ship Armor Level 1, SCV  
  97  7:10  Hellion x2  
  97  7:15  SCV x2, Missile Turret x2  
  101  7:18  SCV  
  101  7:22  Supply Depot  
  104  7:27  Starport Reactor, SCV  
  104  7:28  SCV  
  106  7:38  SCV  
  106  7:39  Thor  
  106  7:41  SCV  
  106  7:45  Thor  
  106  7:46  SCV  
  106  7:50  SCV  
  95  7:53  SCV  
  95  7:54  Hellion x2  
  86  7:58  SCV  
  86  8:02  SCV  
  73  8:05  SCV  
  73  8:06  Viking x2  
  73  8:10  SCV  
  76  8:14  SCV  
  76  8:17  SCV  
  76  8:18  Hellion x2  
  82  8:22  SCV, Orbital Command  
  64  8:27  Siege Tank  
  64  8:29  Siege Tank  
  64  8:31  SCV x2  
  62  8:39  Hellion  
  59  8:42  Hellion  
  59  8:43  SCV  
  59  8:45  SCV  
Show
View Real Time Build Order
Export as new Build Order

JinairRogue Zerg - Winner!

Build Orders: Hatch First 

Get SALT Encoding   

  12  0:00  Drone  
  13  0:12  Overlord  
  13  0:16  Drone  
  14  0:31  Drone x2  
  16  0:47  Hatchery  
  15  0:50  Drone  
  15  0:54  Drone  
  17  0:57  Drone  
  18  1:08  Extractor  
  17  1:14  Spawning Pool  
  17  1:17  Drone  
  17  1:20  Drone  
  18  1:28  Drone  
  19  1:39  Drone  
  20  1:51  Drone  
  21  2:00  Zergling x2  
  21  2:01  Zergling x2, Queen x2  
  27  2:10  Overlord  
  27  2:12  Drone  
  27  2:14  Metabolic Boost  
  28  2:26  Extractor  
  28  2:29  Drone x2  
  29  2:33  Drone x2  
  31  2:47  Extractor, Hatchery  
  31  2:50  Queen  
  32  2:55  Overlord  
  32  2:59  Drone  
  32  3:02  Drone x2  
  36  3:06  Pneumatized Carapace  
  36  3:14  Drone x3  
  36  3:17  Drone  
  36  3:18  Drone  
  41  3:21  Overlord  
  41  3:26  Queen  
  41  3:30  Drone  
  44  3:40  Drone x3  
  47  3:48  Drone x2  
  47  3:49  Queen, Roach Warren  
  47  3:52  Drone x2  
  52  3:55  Overlord  
  52  3:58  Overlord  
  52  4:02  Queen  
  54  4:07  Zergling x4  
  57  4:10  Drone x2  
  57  4:13  Overlord  
  57  4:17  Drone x2  
  60  4:20  Lair  
  60  4:23  Drone x2  
  60  4:24  Drone  
  63  4:27  Drone  
  63  4:28  Drone  
  65  4:32  Spore Crawler  
  65  4:33  Extractor  
  65  4:36  Roach  
  65  4:37  Roach  
  67  4:39  Drone x3  
  67  4:40  Drone x2  
  67  4:44  Drone x3  
  75  4:46  Spore Crawler  
  75  4:51  Spore Crawler  
  75  4:52  Extractor x2  
  71  4:54  Roach x2  
  71  4:57  Drone  
  71  4:58  Drone  
  71  4:59  Drone, Evolution Chamber  
  77  5:02  Drone x3  
  77  5:06  Drone x2  
  82  5:07  Extractor  
  82  5:08  Extractor  
  82  5:09  Roach  
  82  5:10  Overlord  
  82  5:14  Spore Crawler  
  81  5:19  Drone x2  
  82  5:22  Overlord x2  
  82  5:27  Overlord  
  82  5:31  Spire  
  82  5:32  Drone x3  
  82  5:34  Drone  
  85  5:38  Drone  
  85  5:39  Drone x4  
  85  5:42  Overseer, Spore Crawler  
  89  5:47  Glial Reconstitution  
  89  5:48  Drone x2  
  91  5:53  Drone x3  
  93  5:58  Drone x3  
  96  6:09  Zerg Melee Weapons Level 1  
  96  6:10  Hatchery  
  95  6:16  Zergling x6  
  95  6:17  Zergling x6  
  101  6:21  Roach x4  
  109  6:26  Roach x2  
  109  6:27  Overlord  
  109  6:29  Overlord  
  114  6:39  Overlord  
  113  6:45  Overlord  
  111  6:50  Mutalisk  
  111  6:51  Mutalisk x6  
  111  6:52  Hatchery  
  121  6:55  Mutalisk  
  123  7:06  Zerg Flyer Weapons Level 1  
  123  7:08  Mutalisk x2  
  122  7:10  Drone  
  122  7:14  Hatchery  
  122  7:15  Drone  
  127  7:17  Drone x2  
  129  7:25  Zergling x8  
  131  7:32  Hatchery  
  131  7:36  Mutalisk x4  
  132  7:38  Zergling x10  
  141  7:46  Drone x2  
  137  7:52  Evolution Chamber  
  137  7:53  Baneling Nest, Mutalisk x3  
  137  7:55  Drone x2  
  137  7:57  Drone x2  
  142  8:01  Zergling x10  
  137  8:07  Mutalisk x2  
  139  8:14  Mutalisk  
  139  8:16  Extractor  
  139  8:17  Spore Crawler  
  139  8:18  Extractor, Zergling x6  
  141  8:23  Mutalisk x2  
  141  8:24  Zergling x8  
  141  8:25  Zergling x4  
  146  8:27  Drone x4  
  146  8:28  Drone  
  146  8:31  Mutalisk  
  145  8:41  Mutalisk x2  
  143  8:45  Zergling x2  
  143  8:46  Zergling x8  
Tags
 
Add a new tag
Caveats
  • Supply blocks, unpowered buildings, or Contaminate may cause inaccurate times.
  • Supply counts are checked every 10 seconds.